 Dungeon Crawl Stone Soup version 0.28.0-45-g0d030f2227 (webtiles) character file.

Game seed: 9903161631595529592

3791 seaoflcl the Covered (level 10, 0/76 HPs)
             Began as a Human Fighter on Apr 23, 2022.
             Was a Believer of the Shining One.
             Slain by a troll (2 damage)
             ... on level 9 of the Dungeon.
             The game lasted 00:22:16 (8008 turns).

seaoflcl the Covered (Human Fighter)                Turns: 8008, Time: 00:22:17

Health: 0/76       AC: 19    Str: 21 (23) XL:     10   Next: 39%
Magic:  10/10      EV:  7    Int: 10      God:    the Shining One [**....]
Gold:   286        SH:  9    Dex: 11 (14) Spells: 9/9 levels left

rFire   + . .      SeeInvis .   a - +2 mace (protect)
rCold   . . .      Faith    .   f - +0 kite shield
rNeg    + + +      Spirit   .   F - +2 chain mail of Disguise {rF+ rN++ Str+7}
rPois   .          Reflect  .   (no helmet)
rElec   .          Harm     .   (no cloak)
rCorr   .          Rampage  .   (no gloves)
Will    .....                   (no boots)
Stlth   ..........              i - amulet of regeneration
HPRegen 1.02/turn               (no ring)
MPRegen 0.12/turn               (no ring)

@: mighty, under a protective aura, glowing
A: deterioration 1, weak 1
a: Renounce Religion, Divine Shield


You were on level 9 of the Dungeon.
You worshipped the Shining One.
The Shining One was pleased with you.
You visited 2 branches of the dungeon, and saw 10 of its levels.

You collected 286 gold pieces.

Inventory:

Hand Weapons
 a - a +2 mace of protection (weapon)
 b - a +3 hunting sling
 h - a +0 long sword
 D - a +2 hand axe of electrocution
Missiles
 K - 18 sling bullets
Armour
 e - the +4 scale mail "Xuwy" {Rampage Str+5}
   (You found it on level 6 of the Dungeon)

   Str:       It affects your strength (+5).
   Rampage:   It bestows one free step when moving towards enemies.
 f - a +0 kite shield (worn)
 k - a +2 scale mail of cold resistance
 l - a +0 plate armour
 n - the +0 scale mail "Haachiyxt" {Harm Dex+8}
   (You found it on level 2 of the Dungeon)

   Dex:       It affects your dexterity (+8).
   Harm:      It increases damage dealt and taken.
 F - the +2 chain mail of Disguise (worn) {rF+ rN++ Str+7}
   (You found it on level 4 of the Dungeon)

   Str:       It affects your strength (+7).
   rF:        It protects you from fire.
   rN:        It greatly protects you from negative energy.
 J - an orb of guile
 M - a +0 troll leather armour
Jewellery
 i - an amulet of regeneration (around neck)
 E - an amulet of regeneration
Wands
 y - a wand of iceblast (15)
Scrolls
 c - a scroll of amnesia
 g - 2 scrolls of vulnerability
 o - a scroll of holy word
 p - 3 scrolls of enchant weapon
 u - a scroll of immolation {unknown}
 v - 2 scrolls of fog
 x - 2 scrolls of magic mapping
 z - 2 scrolls of blinking {unknown}
 C - 2 scrolls of teleportation
 H - 2 scrolls of fear
 L - 2 scrolls of noise
Potions
 d - a potion of might
 m - 2 potions of invisibility
 q - a potion of cancellation {unknown}
 r - a potion of attraction {unknown}
 s - 5 potions of mutation
 t - a potion of lignification {unknown}
 w - a potion of haste {unknown}
 A - a potion of magic
 B - a potion of ambrosia {unknown}
 G - a potion of brilliance


   Skills:
 + Level 6.2 Fighting
 + Level 2.4 Long Blades
 + Level 6.3(7.1) Axes
 + Level 4.9(6.4) Maces & Flails
 + Level 1.7 Slings
 + Level 7.5 Armour
 + Level 3.5 Dodging
 + Level 1.0 Stealth
 + Level 6.5 Shields
 + Level 0.5 Invocations
 + Level 1.0 Evocations


You had 9 spell levels left.
You didn't know any spells.
Your spell library contained the following spells:

 Spells                   Type           Power      Damage    Failure   Level
 Sandblast                Erth           0%         2d4       100%        1
 Sting                    Tmut/Pois      0%         1d3       100%        1
 Passwall                 Tmut/Erth      0%         N/A       100%        2
 Dazzling Flash           Conj/Hex       0%         N/A       100%        3
 Mephitic Cloud           Conj/Pois/Air  0%         N/A       100%        3
 Ozocubu's Armour         Ice            0%         N/A       100%        3
 Stone Arrow              Conj/Erth      0%         3d7       100%        3
 Agony                    Necr           0%         N/A       100%        5
 Manifold Assault         Tloc           0%         N/A       100%        5
 Silence                  Hex/Air        0%         N/A       100%        5
 Eringya's Noxious Bog    Tmut/Pois      0%         N/A       100%        6
 Ozocubu's Refrigeration  Ice            0%         4d5       100%        7


Dungeon Overview and Level Annotations

Branches:
Dungeon (9/15)             Temple (1/1) D:4
   Lair: D:8-11         Orc: D:9-12

Altars:
Cheibriados
Dithmenos
Elyvilon
Fedhas
Gozag
Hepliaklqana
Kikubaaqudgha
Okawaru
Qazlal
Trog
Uskayaw
Vehumet
Wu Jian
Xom
Yredelemnul
Zin
The Shining One

Shops:
D:1 :   D:4 =   D:6 (

Annotations:
D:6 3 runed translucent doors, issech's ghost, novice TrMo


Innate Abilities, Weirdness & Mutations

Your body sometimes deteriorates upon taking damage.
You are weak. (Str -2)


Message History

The wight hits you from afar with a +1 trident.
* * * LOW HITPOINT WARNING * * *
You barely miss the troll.
The troll is heavily wounded.
You block the troll's attack. x3; The wight closely misses you.
You block the troll's attack. The troll claws you but does no damage.
The troll claws you.
* * * LOW HITPOINT WARNING * * *
The wight hits you but does no damage.
You feel much better. The troll bites you but does no damage.
You block the troll's attack. x2; The wight hits you but does no damage.
You sock the troll!
The troll is severely wounded.
The troll bites you but does no damage. The troll claws you!
The troll claws you.
The wight hits you from afar with a +1 trident.
You hit the troll.
The troll is severely wounded.
You block the troll's attack. The troll barely misses you.
You block the troll's attack. The wight hits you but does no damage.
You hit the troll.
The troll is almost dead.
You block the troll's attack. The troll claws you but does no damage.
The troll claws you!
* * * LOW HITPOINT WARNING * * *
The wight hits you from afar with a +1 trident!
* * * LOW HITPOINT WARNING * * *
Your body deteriorates!
You feel clumsy.
You feel better. The troll barely misses you. The troll claws you.
* * * LOW HITPOINT WARNING * * *
The troll claws you but does no damage. The wight hits you but does no damage.
You barely miss the troll.
The troll is almost dead.
The troll bites you!
* * * LOW HITPOINT WARNING * * *
You block the troll's attack. The troll claws you but does no damage.
The wight hits you from afar with a +1 trident.
* * * LOW HITPOINT WARNING * * *
The troll bites you but does no damage. The troll claws you.
You die...

...#≈≈≈≈≈≈≈≈≈## #.#≈≈........[
...≈≈≈≈≈≈≈≈≈≈≈# #>≈≈≈.........
####≈≈≈≈≈≈≈≈≈#######≈≈≈≈.........
.....≈≈≈≈≈≈≈...))..≈≈≈≈≈≈≈...>###
......≈≈≈≈≈..######≈≈≈≈≈≈≈#####
#######≈≈≈#...##.##≈≈≈≈≈≈≈#
##≈##.#....##≈≈≈≈≈≈≈#
####.#.##.##≈≈≈≈≈≈≈#
#.#..#@##≈≈≈≈≈≈≈#
#.#..#T###≈≈≈≈≈... #....zz#
##≈≈≈≈... ###.#z## #.#)# #.#.##
#.#..## #.#...# ..........#


You could see a troll and 3 wights.

Vanquished Creatures
  3 kobold demonologists (D:9)
  A troll (D:9)
  Sigmund (D:4)
  A steam dragon (D:7)
  3 orc warriors
  2 sky beasts (D:7)
  A black bear (D:3)
  3 centaurs
  A kobold brigand (D:8)
  5 bullfrogs
  2 water moccasin zombies
  A water moccasin skeleton (D:6)
  A wight (D:9)
  4 howler monkeys
  3 electric eels (D:9)
  2 jellies
  A bullfrog zombie (D:5)
  A centaur zombie (D:5)
  3 orc priests
  A centaur skeleton (D:5)
  3 hounds (D:6)
  A gnoll shaman (D:8)
  6 iguanas
  4 orc wizards
  A howler monkey skeleton (D:6)
  4 gnolls
  5 adders
  3 white imps
  A worm (D:3)
  6 dart slugs
  29 orcs
  5 ball pythons
  4 bats
  9 endoplasms
  6 giant cockroaches
  6 goblins
  3 hobgoblins
  4 jackals
  15 kobolds
  6 quokkas
  5 frilled lizards
166 creatures vanquished.

Notes
Turn   | Place    | Note
-------+----------+-------------------------------------------
     0 | D:1      | seaoflcl the Human Fighter began the quest for the Orb.
     0 | D:1      | Reached XP level 1. HP: 18/18 MP: 1/1
   218 | D:1      | Found Qonk's Book Shop.
   289 | D:1      | Reached XP level 2. HP: 20/24 MP: 2/2
   817 | D:1      | Found a faded altar of an unknown god.
   823 | D:1      | Reached XP level 3. HP: 29/29 MP: 3/3
  1286 | D:2      | Identified the +0 scale mail "Haachiyxt" {Harm Dex+8}
  1677 | D:2      | Reached XP level 4. HP: 35/35 MP: 4/4
  2413 | D:3      | Reached skill level 4 in Armour
  2478 | D:3      | Noticed a black bear
  2602 | D:3      | Reached skill level 1 in Axes
  2675 | D:3      | Killed a black bear
  2676 | D:3      | Reached XP level 5. HP: 23/42 MP: 5/5
  3100 | D:3      | Reached XP level 6. HP: 46/48 MP: 6/6
  3553 | D:4      | Found a staircase to the Ecumenical Temple.
  3564 | D:4      | Reached skill level 1 in Dodging
  3580 | Temple   | Entered the Ecumenical Temple
  3741 | Temple   | Became a worshipper of the Shining One
  4035 | D:4      | Got Gassiet's Catalogue of the Voyage and Poisoning
  4191 | D:4      | Found Kegozxoh's Jewellery Shop.
  4211 | D:4      | Identified the +2 chain mail of Disguise {rF+ rN++ Str+7}
  4255 | D:4      | Noticed Sigmund
  4267 | D:4      | Killed Sigmund
  4268 | D:4      | Reached XP level 7. HP: 53/53 MP: 7/7
  4401 | D:4      | Reached skill level 1 in Slings
  4810 | D:5      | Entered Level 5 of the Dungeon
  4898 | D:5      | Reached skill level 5 in Armour
  5081 | D:6      | Found a runed translucent gate.
  5103 | D:6      | Identified the +4 scale mail "Xuwy" {Rampage Str+5}
  5121 | D:6      | Reached XP level 8. HP: 60/60 MP: 8/8
  5362 | D:6      | Reached * piety under the Shining One
  5397 | D:6      | Reached skill level 5 in Axes
  5453 | D:6      | Found a runed translucent gate.
  5453 | D:6      | Noticed issech's ghost (novice TrMo)
  5458 | D:6      | Found a runed translucent gate.
  5498 | D:6      | Found Vidok's Antique Weapon Emporium.
  5680 | D:6      | Noticed a basilisk
  6459 | D:7      | Reached skill level 5 in Fighting
  6459 | D:7      | Reached skill level 6 in Armour
  6459 | D:7      | Reached XP level 9. HP: 68/68 MP: 9/9
  6559 | D:7      | Reached skill level 5 in Shields
  7160 | D:8      | Reached skill level 1 in Maces & Flails
  7193 | D:8      | Reached skill level 1 in Stealth
  7262 | D:8      | Noticed a death yak
  7265 | D:8      | Noticed a death yak
  7266 | D:8      | Noticed a death yak
  7297 | D:9      | Found a blossoming altar of Fedhas.
  7297 | D:9      | Noticed a troll
  7310 | D:9      | Killed a troll
  7311 | D:9      | Reached skill level 7 in Armour
  7420 | D:9      | Reached XP level 10. HP: 53/76 MP: 10/10
  7812 | D:9      | Noticed a kobold demonologist
  7818 | D:9      | Noticed a kobold demonologist
  7821 | D:9      | Noticed a kobold demonologist
  7827 | D:9      | Gained mutation: Your body sometimes deteriorates upon
                  | taking damage. [a neqoxec]
  7829 | D:9      | Gained mutation: You are weak. (Str -2) [a neqoxec]
  7833 | D:9      | Noticed an ice devil
  7835 | D:9      | Noticed an orange demon
  7837 | D:9      | Killed a kobold demonologist
  7848 | D:9      | Killed a kobold demonologist
  7853 | D:9      | Noticed a soul eater
  7853 | D:9      | Killed a kobold demonologist
  7854 | D:9      | Reached skill level 1 in Evocations
  7957 | D:9      | Reached ** piety under the Shining One
  8008 | D:9      | HP: 2/76 [wight/+1 trident (4)]
  8008 | D:9      | Slain by a troll

Illustrated notes

Levels and vault maps discovered:
D:1:      erik_arrival_triangle_small, layout_basic,
          ebering_ecumenical_altar_ruins, serial_shops, shop
D:2:      layout_loops_ring, hangedman_decor_opposing
D:3:      layout_basic, glass_columns_c, st_stairs_8, hangedman_decor_riveting
D:4:      minmay_skewed_foursquare, layout_basic, minmay_temple_entry_overgrown,
          serial_shops, nicolae_shop_statue_plus, corexii_leaking_fountain,
          kennysheep_cross_room, hex_intersection, uniq_sigmund
D:5:      layout_loops_cross
D:6:      layout_basic, serial_shops, nicolae_square_shop,
          gammafunk_ghost_split, minmay_misc_feat_rugged, nrook_campfire
D:7:      layout_rooms
D:8:      layout_rooms, dpeg_lair_monsters, gammafunk_ghost_smash,
          nicolae_straight_to_the_point
D:9:      layout_basic, fedhas_altar_2, gammafunk_temple_overflow_forgotten,
          orc_0_dummy, gammafunk_ghost_ooze
Temple:   nicolae_temple_elliptical

Skill      XL: |  1  2  3  4  5  6  7  8  9 10 |
---------------+-------------------------------+-----
Armour         | 4 5 6 7 |  7.5
Axes           | 2 3 4 5 6 |  6.3
Dodging        | 1 2 3 |  3.5
Slings         | 1 |  1.7
Shields        | 4 6 |  6.5
Fighting       | 4 5 6 |  6.2
Maces & Flails | 3 4 |  4.9
Stealth        | 1 |  1.0
Evocations     | 1 |  1.0
Long Blades    | |  2.4
Invocations    | |  0.5

Action                   |  1- 3 |  4- 6 |  7- 9 | 10-12 || total
-------------------------+-------+-------+-------+-------++-------
Melee: Long sword        |    32 |       |       |       ||    32
       Hand axe          |    42 |   101 |   208 |       ||   351
       Mace              |       |       |    77 |    74 ||   151
 Fire: Hunting sling     |       |    11 |     1 |       ||    12
Invok: Divine Shield     |       |       |     2 |       ||     2
Evoke: Wand              |       |       |     4 |       ||     4
  Use: Scroll            |       |     8 |     7 |       ||    15
       Potion            |       |       |     5 |     4 ||     9
Armor: Scale mail        |    41 |    41 |       |       ||    82
       Chain mail        |       |     2 |   189 |    52 ||   243
Dodge: Dodged            |    32 |    37 |   111 |    29 ||   209
Block: Buckler           |    16 |     3 |       |       ||    19
       Kite shield       |       |    34 |   185 |    50 ||   269
